 Dungeon Crawl Stone Soup version 0.30-a0-867-g305f33218d (webtiles) character file.

Game seed: 10541265423607068145

86 demibob the Ruffian (level 4, -3/49 HPs)
             Began as a Hill Orc Wanderer on Mar 11, 2023.
             Slain by Edmund
             ... wielding a +1 flail of protection
              (9 damage)
             ... on level 3 of the Dungeon.
             The game lasted 00:04:37 (2842 turns).

demibob the Ruffian (Hill Orc Wanderer)             Turns: 2842, Time: 00:04:38

Health: -3/49      AC:  7    Str: 13    XL:     4   Next: 50%
Magic:  4/4        EV: 10    Int: 15    God:
Gold:   230        SH:  0    Dex: 12    Spells: 3/3 levels left

rFire   + . .      SeeInvis .    b - +0 hand axe
rCold   + . .      Faith    .    (no shield)
rNeg    . . .      Spirit   .    c - +0 ring mail
rPois   .          Reflect  .    j - +2 hat
rElec   .          Rampage  .    (no cloak)
rCorr   .                        (no gloves)
Will    .....                    (no boots) Stlth
                                 (no amulet)
HPRegen 1.08/turn                F - ring of protection from fire
MPRegen 0.09/turn                (no ring)

@: berserking, very quick
A: clever 1, cold resistance 1, regeneration 1
a: no special abilities


You were on level 3 of the Dungeon.
You visited 1 branch of the dungeon, and saw 4 of its levels.

You collected 230 gold pieces.


Innate Abilities, Weirdness & Mutations

Your mind is acute. (Int +4, Str/Dex -1)
Your flesh is cold resistant. (rC+)
Your natural rate of healing is unusually fast.


   Skills:
 + Level 1.1 Axes
 - Level 3.9 Ranged Weapons
 - Level 2.1 Armour
 - Level 1.0 Stealth
 - Level 4.5 Unarmed Combat
 - Level 1.0 Evocations


You had 3 spell levels left.
You didn't know any spells.
Your spell library contained the following spells:

 Spells                   Type           Power      Damage    Failure   Level
 Freeze                   Ice            0%         1d3       50%         1
 Frozen Ramparts          Ice            0%         1d1       86%         3
 Hailstorm                Conj/Ice       0%         3d3       86%         3
 Stone Arrow              Conj/Erth      0%         3d7       86%         3
 Animate Armour           Summ/Erth      0%         N/A       99%         4
 Lehudib's Crystal Spear  Conj/Erth      0%         10d2      100%        8

Inventory:

Hand Weapons
 a - a +0 sling of freezing
 b - a +0 hand axe (weapon)
Armour
 c - a +0 ring mail (worn)
 j - a +2 hat (worn)
Jewellery
 F - a ring of protection from fire (left hand)
Scrolls
 f - 6 scrolls of teleportation {@r2}
 h - a scroll of noise
 m - a scroll of amnesia
 p - a scroll of fear
Potions
 d - 2 potions of curing {@q1}

Dungeon Overview and Level Annotations

Branches:
Dungeon (4/15)
 Temple: D:4-7

Altars:

Annotations:
D:3 Edmund

#### ...# ####### ### ##.#
#.....#####.############
#.#
#.###.#....#...........# #
##.#####.#
#....@###>#.######.# #
.........###...##@#.##.#
#.# #
##.#####.......###.###.####
#.# # ##.# #####.#.#
#.)......# #.# # ##.#
#.#.#####..^...# #.# # ...#
#.#............# #.# # ####
##+#######......###.### ..#
##...## #..........##. ..##
##.....## #.....########


You could see Edmund.


Message History

You feel much better.
Edmund hits you with a +1 flail of protection!
It was a potion of cancellation.
You feel magically purged.
Edmund hits you with a +1 flail of protection!
It was a potion of berserk rage.
A red film seems to cover your vision as you go berserk!
You feel yourself moving faster!
You feel mighty!
Edmund hits you with a +1 flail of protection.
* * * LOW HITPOINT WARNING * * *
You hit Edmund.
Edmund is severely wounded.
You hit Edmund.
Edmund is severely wounded.
Edmund hits you with a +1 flail of protection!
* * * LOW HITPOINT WARNING * * *
You hit Edmund but do no damage.
Edmund is severely wounded.
Edmund barely misses you.
You slash Edmund!
Edmund is almost dead.
Edmund hits you with a +1 flail of protection!
* * * LOW HITPOINT WARNING * * *
You barely miss Edmund.
Edmund is almost dead.
Edmund hits you with a +1 flail of protection.
* * * LOW HITPOINT WARNING * * *
You hit Edmund.
Edmund is almost dead.
Edmund hits you with a +1 flail of protection!
You die...

Skill      XL: |  1  2  3  4 |
---------------+-------------+-----
Ranged Weapons | 2 3 |  3.9
Axes           | 1 |  1.1
Armour         | |  2.1
Stealth        | |  1.0
Unarmed Combat | |  4.5
Evocations     | |  1.0

Action                     |  1- 3 |  4- 6 || total
---------------------------+-------+-------++-------
  Melee: Unarmed           |    58 |    11 ||    69
         Punch             |     4 |     4 ||     8
         Hand axe          |       |    41 ||    41
   Fire: Sling             |    97 |    60 ||   157
    Use: Scroll            |     5 |     4 ||     9
         Potion            |     4 |     7 ||    11
 Armour: Ring mail         |    52 |    15 ||    67
  Dodge: Dodged            |    72 |    24 ||    96

Levels and vault maps discovered:
D:1:      tarquinn_simple_flora_water_c, layout_basic, hangedman_decor_riveting
D:2:      layout_basic, uniq_robin
D:3:      layout_loops_corners, chequers_arboretum
D:4:      layout_rooms, serial_shops, nicolae_take_the_stairs,
          nicolae_square_shop, shop, kennysheep_mini_moat,
          nicolae_shop_statue_plus, uniq_edmund

Notes
Turn   | Place    | Note
-------+----------+-------------------------------------------
     0 | D:1      | demibob the Hill Orc Wanderer began the quest for the Orb.
     0 | D:1      | demibob set off with the following items: a +0 sling, 2
                  | scrolls of fear, a +0 ring mail, a potion of curing {@q1}.
     0 | D:1      | Reached XP level 1. HP: 14/14 MP: 1/1
   377 | D:1      | Reached skill level 2 in Ranged Weapons
   445 | D:1      | Reached XP level 2. HP: 20/20 MP: 2/2
   823 | D:2      | Noticed Robin
  1282 | D:2      | Reached XP level 3. HP: 16/26 MP: 3/3
  1285 | D:2      | Gained mutation: Your mind is acute. (Int +4, Str/Dex -1)
                  | [potion of mutation]
  1285 | D:2      | Gained mutation: Your flesh is cold resistant. (rC+)
                  | [potion of mutation]
  1285 | D:2      | Gained mutation: Your natural rate of healing is unusually
                  | fast. [potion of mutation]
  1299 | D:2      | Killed Robin
  1300 | D:2      | Reached skill level 3 in Ranged Weapons
  1784 | D:3      | Reached XP level 4. HP: 33/33 MP: 4/4
  2671 | D:4      | Noticed Edmund
  2753 | D:4      | Reached skill level 1 in Axes
  2788 | D:4      | Noticed a phantom
  2842 | D:3      | Slain by Edmund

Vanquished Creatures
  Robin (D:2)
  2 adders
  2 orcs
  A bat (D:3)
  3 endoplasms
  A giant cockroach (D:3)
  13 goblins
  6 hobgoblins
  3 jackals (D:2)
  2 quokkas
  5 ball pythons
  2 frilled lizards
  4 kobolds
  7 rats
52 creatures vanquished.

Table legend: (Time is in decaauts)
 A = Elapsed time spent in this place.
 B = Non-inter-level travel time spent in this place.
 C = Inter-level travel time spent in this place.
 D = Time resting spent in this place.
 E = Time spent auto-exploring this place.
 F = Levels seen in this place.
 G = Mean time per level.
                   A        B        C        D        E       F      G
               +--------+--------+--------+--------+--------+-----+--------+
         Total |   2872 |   2672 |    200 |     86 |   2124 |   4 |  718.0 |
       Dungeon |   2872 |   2672 |    200 |     86 |   2124 |   4 |  718.0 |
               +--------+--------+--------+--------+--------+-----+--------+

Top non-repeatable levels by time:
     D:3: 1184 daAuts
     D:1: 916 daAuts
     D:2: 705 daAuts
     D:4: 66 daAuts

Table legend:
 A = Non-vault XP
 B = Vault XP
 C = Vault XP percentage of total XP
 D = Non-vault monster count
 E = Vault monster count
 F = Vault count percentage of total count
                 A         B        C        D         E       F
            +---------+---------+-------+---------+---------+-------
      Total |      88 |      36 |  29.0 |      40 |      12 |  23.1
            +---------+---------+-------+---------+---------+-------
        D:1 |      13 |       0 |   0.0 |       9 |       0 |   0.0
        D:2 |      26 |      36 |  58.1 |       9 |      12 |  57.1
        D:3 |      39 |       0 |   0.0 |      17 |       0 |   0.0
        D:4 |      10 |       0 |   0.0 |       5 |       0 |   0.0
            +---------+---------+-------+---------+---------+-------
